[Event "*** SCC Grand Prix: Titled Tuesday Blitz"]
[Site "Chess.com"]
[Date "2020.10.13"]
[Round "7"]
[White "ViditYT"]
[Black "LiemLe"]
[Result "1-0"]
[WhiteElo "2861"]
[BlackElo "2971"]
[TimeControl "180+1"]
[EndTime "11:16:10 PDT"]
[Termination "ViditYT won by resignation"]

1. d4 Nf6 2. c4 e6 3. Nf3 d5 4.
g3 dxc4 5. Bg2 a6 6. O-O Nc6 7. e3 Rb8 8. Qe2 b5 9. b3 cxb3 10. axb3 Bb7 11. Bb2 Bd6 12. Ne5 Nb4 13. Bxb7 Rxb7 14.
Ba3 a5 15. Bxb4 axb4 16. Qf3 Qc8 17. Qc6+ Ke7 18. Nd2 Rb6 19. Qf3 Qb7 20. Qe2 Ra8 21. Nd3 Ra3 22. e4 Rba6 23. Rac1 Qa7 24. e5 Qxd4 25. exd6+ cxd6 26. Nf3 Qe4 27. Qxe4 Nxe4 28. Nxb4 Ra8 29. Rc7+ Kf6 30. Nd4 Nd2 31. Rd1 Nxb3 32. Nbc2 Nxd4 33. Rxd4 Ra1+ 34. Nxa1 Rxa1+ 35. Kg2 Ke5 36. Rb4 1-0

[Event "*** SCC Grand Prix: Titled Tuesday Blitz"]
[Site "Chess.com"]
[Date "2020.10.13"]
[Round "7"]
[White "Yashasd1995"]
[Black "Cocaino74"]
[Result "1-0"]
[WhiteElo "2602"]
[BlackElo "2390"]
[TimeControl "180+1"]
[EndTime "11:16:12 PDT"]
[Termination "Yashasd1995 won on time"]

1. b3 c5 2. Bb2 Nc6 3. e3 d6 4. Bb5 Nf6 5. Nf3 e5 6. O-O Be7 7. d4 e4 8. Nfd2 Bg4 9. Be2 Bf5 10. c4 d5 11. dxc5 d4 12. exd4 Nxd4 13. Nc3 Bxc5 14. a3 a5 15. Nb5 Nxb5 16. cxb5 e3 17. fxe3 Bxe3+ 18. Kh1 Be6 19. Nc4 Bc5 20. Bf3 Rb8 21.
Be5 O-O 22. Bxb8 Qxb8 23. Nxa5 Rd8 24. Qc2 Bd4 25. Rad1 Bc8 26. b4 Qa7 27. Nb3 1-0

[Event "*** SCC Grand Prix: Titled Tuesday Blitz"]
[Site "Chess.com"]
[Date "2020.10.13"]
[Round "7"]
[White "Srisshhhtea"]
[Black "Balla_Tamas"]
[Result "0-1"]
[WhiteElo "2281"]
[BlackElo "2464"]
[TimeControl "180+1"]
[EndTime "11:16:12 PDT"]
[Termination "Balla_Tamas won by resignation"]

1. d4 Nf6 2. c4 g6 3. Nc3 Bg7 4.
e4 O-O 5. Nf3 d6 6. Bd3 c5 7. d5 Na6 8. O-O Nc7 9. Qc2 e6 10.
Re1 a6 11. a4 b6 12. Bf4 e5 13.
Bg5 h6 14. Bd2 Nh5 15. Qc1 Kh7 16. h3 Rb8 17. Ne2 f5 18. b4 cxb4 19. a5 bxa5 20. c5 Nb5 21. c6 fxe4 22. Bxe4 Bf5 23. Ng3 Nxg3 24. fxg3 Bxe4 25. Rxe4 Qb6+ 26. Be3 Qc7 27. Rh4 Rxf3 28. gxf3 h5 29. g4 Qf7 30. Kg2 Rf8 31.
Qd1 Nc3 32. Qf1 Nxd5 33. Bc1 Bf6 34. g5 Bd8 35. Rxa5 Bxa5 0-1

[Event "*** SCC Grand Prix: Titled Tuesday Blitz"]
[Site "Chess.com"]
[Date "2020.10.13"]
[Round "7"]
[White "Chessalary"]
[Black "anasta10"]
[Result "1-0"]
[WhiteElo "2298"]
[BlackElo "2400"]
[TimeControl "180+1"]
[EndTime "11:16:12 PDT"]
[Termination "Chessalary won by resignation"]

1. d4 Nf6 2. c4 g6 3. Nc3 d5 4.
cxd5 Nxd5 5. e4 Nxc3 6. bxc3 Bg7 7. Nf3 O-O 8. Rb1 c5 9. Be2 Nc6 10. d5 Na5 11. c4 b6 12. O-O Ba6 13. Qc2 e6 14. Rd1 exd5 15. cxd5 Bxe2 16. Qxe2 Re8 17. Bd2 Nb7 18. Bf4 Nd6 19. e5 Nf5 20. g4 Nh4 21. Nxh4 Qxh4 22. f3 h5 23. Bg3 Qg5 24. h4 Qe7 25. f4 hxg4 26. Qxg4 Rad8 27. d6 Qe6 28. Qg5 c4 29. h5 gxh5 30. f5 Qh6 31. Qxh6 Bxh6 32.
Kh2 c3 33. Rbc1 Bd2 34. Rc2 Rd7 35. Rg1 Kh7 36. Rxd2 cxd2 37. Rd1 h4 38. Bf4 b5 39.
Rxd2 a5 40. Rd3 b4 41. Rh3 Kg7 42. Rxh4 Rh8 43. Rxh8 Kxh8 44. e6 fxe6 45. fxe6 Rh7+ 46. Kg3 Kg7 47. d7 Rh8 48. Be5+ 1-0

[Event "*** SCC Grand Prix: Titled Tuesday Blitz"]
[Site "Chess.com"]
[Date "2020.10.13"]
[Round "7"]
[White "Beca95"]
[Black "youngKID"]
[Result "1-0"]
[WhiteElo "2920"]
[BlackElo "2814"]
[TimeControl "180+1"]
[EndTime "11:16:15 PDT"]
[Termination "Beca95 won by resignation"]

1. d4 Nf6 2. Nf3 e6 3. Bg5 d5 4. c3 Nbd7 5. Nbd2 Be7 6. e3 b6 7. Bd3 Bb7 8. h4 h6 9. Bf4 c5 10. Qb1 a6 11. a3 c4 12. Bc2 b5 13. Ne5 Nxe5 14. dxe5 Nd7 15. Nf3 O-O 16. Rh3 f5 17. exf6 Bxf6 18. Ng5 e5 19. Bf5 e4 20. Ne6 Qe7 21. Nxf8 Rxf8 22. Bxd7 Qxd7 23. Qd1 Qf5 24. g4 Qe6 25. Rh1 Be5 26. Bxe5 Qxe5 27. g5 hxg5 28. hxg5 Qxg5 29. Qh5 Qxh5 30. Rxh5 g6 31. Rh2 Bc8 32. Rg2 Kg7 33. O-O-O Be6 34. Rh1 a5 35.
Kd2 a4 36. Rgh2 Bg8 37. Ke2 Rf5 38. Rh4 g5 39. Rh6 Bf7 40. Rb6 Be8 41. Rhh6 Rf8 42. Rhe6 Bh5+ 43. Ke1 1-0

[Event "*** SCC Grand Prix: Titled Tuesday Blitz"]
[Site "Chess.com"]
[Date "2020.10.13"]
[Round "7"]
[White "Chessdude1987"]
[Black "Tayson_7"]
[Result "0-1"]
[WhiteElo "2290"]
[BlackElo "2611"]
[TimeControl "180+1"]
[EndTime "11:16:15 PDT"]
[Termination "Tayson_7 won by checkmate"]

1. e4 c5 2. b3 Nf6 3. Nc3 Nc6 4. Bb2 g6 5. f4 Bg7 6. Qf3 O-O 7.
O-O-O a6 8. e5 Ne8 9. h4 d6 10. exd6 Nxd6 11. h5 Nd4 12. Qg3 Bf5 13. Bd3 b5 14. hxg6 fxg6 15. Bxf5 Rxf5 16. Nce2 Ne4 17. Qe3 Qd5 18. g4 Rf7 19. Nxd4 cxd4 20. Qh3 h6 21.
Qf3 Rc8 22. Kb1 Qc6 23. c3 dxc3 24. dxc3 Bxc3 25. Qg2 Bxb2 26. Qxb2 Nc3+ 27. Ka1 Nxd1 28. Rxh6 Qc1+ 29. Qb1 Qc3+ 30. Qb2 Qxb2# 0-1

[Event "*** SCC Grand Prix: Titled Tuesday Blitz"]
[Site "Chess.com"]
[Date "2020.10.13"]
[Round "7"]
[White "maximnovik"]
[Black "tteshan"]
[Result "0-1"]
[WhiteElo "2523"]
[BlackElo "2388"]
[TimeControl "180+1"]
[EndTime "11:16:15 PDT"]
[Termination "tteshan won by resignation"]

1. d4 d5 2. c4 dxc4 3. e4 e5 4. Nf3 Bb4+ 5. Bd2 Bxd2+ 6. Nbxd2 exd4 7. Bxc4 Nf6 8. O-O O-O 9. h3 c5 10. Re1 Nc6 11. e5 Nd5 12. Ne4 Nb6 13. Rc1 Nxc4 14. Rxc4 b6 15. Qd2 Qd5 16. b3 Bf5 17. Ng3 Bg6 18.
h4 h6 19. h5 Bh7 20. Qf4 Rfe8 21. Rcc1 Re7 22. Re2 Rae8 23. Rce1 b5 24. Nf5 Bxf5 25. Qxf5 c4 26. bxc4 bxc4 27. Re4 c3 28. Rg4 Nxe5 29.
Rxe5 Rxe5 30. Qf6 Re1+ 31. Kh2 Qxh5+ 32. Kg3 Qxg4+ 0-1

[Event "*** SCC Grand Prix: Titled Tuesday Blitz"]
[Site "Chess.com"]
[Date "2020.10.13"]
[Round "7"]
[White "mapleaff"]
[Black "MathiasWomacka"]
[Result "0-1"]
[WhiteElo "2357"]
[BlackElo "2495"]
[TimeControl "180+1"]
[EndTime "11:16:15 PDT"]
[Termination "MathiasWomacka won by resignation"]

1. d4 Nf6 2. c4 e6 3. Nf3 Bb4+ 4. Nc3 c5 5. g3 cxd4 6. Nxd4 O-O 7. Bg2 d5 8. Nc2 Bxc3+ 9. bxc3 dxc4 10. Qxd8 Rxd8 11. Ne3 Nc6 12. Rb1 e5 13. Nxc4 Be6 14. Bxc6 bxc6 15. Nxe5 Bxa2 16. Ra1 Bd5 17. f3 Re8 18. Bf4 Nh5 19.
Kf2 g5 20. e4 gxf4 21. exd5 Rxe5 22. dxc6 Rc5 23. gxf4 Rxc6 24. Rhg1+ Kf8 25. Rg5 Nxf4 26. Rf5 Ne6 27. Ra3 a5 28. Raxa5 Rxa5 29. Rxa5 Rxc3 30.
Rd5 Kg7 31. Kg3 Kg6 32. h4 Ng7 33. Rg5+ Kf6 34. Kg4 h5+ 35. Kf4 Ne6+ 0-1

[Event "*** SCC Grand Prix: Titled Tuesday Blitz"]
[Site "Chess.com"]
[Date "2020.10.13"]
[Round "7"]
[White "davigator"]
[Black "tylityli"]
[Result "0-1"]
[WhiteElo "2326"]
[BlackElo "2222"]
[TimeControl "180+1"]
[EndTime "11:16:15 PDT"]
[Termination "tylityli won by resignation"]

1. e4 e5 2. Nf3 Nc6 3. Bb5 a6 4. Ba4 Nf6 5. O-O d6 6. Re1 b5 7. Bb3 Be7 8. c3 O-O 9. h3 Nd7 10. d4 Bf6 11. d5 Ne7 12. Bc2 Bb7 13. b3 Nb6 14. Nbd2 c6 15. c4 cxd5 16. cxd5 Rc8 17. Rb1 g6 18. Bd3 Nd7 19. b4 Nb6 20. Nb3 Na4 21. Bd2 Nc3 22. Bxc3 Rxc3 23. Qd2 Rc7 24. Na5 Bc8 25. Rbc1 Bd7 26. Qe3 Bg7 27. Rc2 Qb8 28. Rec1 Rfc8 29. Nd2 Rxc2 30. Rxc2 Rxc2 31. Bxc2 Qc7 32.
Qd3 Bh6 33. Ndb3 f5 34. f3 Nc8 35. Bd1 Nb6 36. Be2 Kf7 37. g3 Ke7 38. Kh2 Kf6 39.
Nd2 Na4 40. f4 exf4 41. Qd4+ Kf7 42. Qh8 fxg3+ 43. Kxg3 Bxd2 44. Qg7+ Kxg7 0-1

[Event "*** SCC Grand Prix: Titled Tuesday Blitz"]
[Site "Chess.com"]
[Date "2020.10.13"]
[Round "7"]
[White "Oleksandr_Bortnyk"]
[Black "Ginger_GM"]
[Result "1-0"]
[WhiteElo "2887"]
[BlackElo "2601"]
[TimeControl "180+1"]
[EndTime "11:16:16 PDT"]
[Termination "Oleksandr_Bortnyk won by checkmate"]

1. e4 e6 2. d4 d5 3. Nc3 Nf6 4. Bg5 Be7 5. e5 Nfd7 6. Bxe7 Qxe7 7. f4 a6 8. Nf3 b6 9. Qd2 c5 10. g3 Nc6 11. Ne2 a5 12. Bh3 Ba6 13. c3 Bxe2 14. Kxe2 O-O 15. Kf2 b5 16. Rhe1 Nb6 17. f5 exf5 18.
Bxf5 b4 19. Kg2 Nc4 20. Qf4 Nxb2 21. Bxh7+ Kh8 22. Ng5 g6 23. Rf1 Kg7 24. Qh4 bxc3 25. Bg8 Qxg5 26. Qh7# 1-0

[Event "*** SCC Grand Prix: Titled Tuesday Blitz"]
[Site "Chess.com"]
[Date "2020.10.13"]
[Round "7"]
[White "canary2016"]
[Black "GM_Huschenbeth"]
[Result "0-1"]
[WhiteElo "1958"]
[BlackElo "2304"]
[TimeControl "180+1"]
[EndTime "11:16:16 PDT"]
[Termination "GM_Huschenbeth won by checkmate"]

1. Nf3 d5 2. c4 d4 3. b4 f6 4.
d3 e5 5. g3 Bxb4+ 6. Bd2 Bxd2+ 7. Nbxd2 Ne7 8. Bg2 O-O 9. Rb1 c5 10. Nb3 Qc7 11. O-O Be6 12. e3 Nd7 13. Nfd2 Rad8 14.
Nc1 Nc6 15. Qb3 b6 16. Qb5 Rc8 17. a3 Rfd8 18. Ne4 h6 19. Rd1 f5 20. Nd2 Nf6 21.
Nf3 e4 22. Ne1 dxe3 23. fxe3 Ng4 24. Nc2 Nce5 25. Qb3 Bxc4 26. Qc3 exd3 27. Ne1 Nxe3 28. Rd2 Nxg2 29. Kxg2 Bd5+ 30. Kg1 c4 31. Rb5 a6 32. Rb1 Qc5+ 33. Kf1 Ng4 34. Ng2 Nxh2+ 35. Ke1 Qg1# 0-1

[Event "*** SCC Grand Prix: Titled Tuesday Blitz"]
[Site "Chess.com"]
[Date "2020.10.13"]
[Round "7"]
[White "anon569"]
[Black "KonstantinB_1983"]
[Result "1-0"]
[WhiteElo "2277"]
[BlackElo "2467"]
[TimeControl "180+1"]
[EndTime "11:16:19 PDT"]
[Termination "anon569 won by resignation"]

1. e4 d5 2. exd5 Qxd5 3. Nc3 Qd6 4. d4 Nf6 5. Nf3 a6 6. Bd3 g6 7. O-O Bg7 8. Ne4 Nxe4 9. Bxe4 O-O 10. Be3 c6 11.
Qd2 Bg4 12. h3 Bxf3 13. Bxf3 Nd7 14. c3 e5 15. dxe5 Qxd2 16. Bxd2 Nxe5 17. Be2 Rfd8 18. Rad1 c5 19. Bg5 Re8 20. Rfe1 h6 21. Be3 Bf8 22. Rd5 Rac8 23. Red1 b6 24. Bxa6 Ra8 25. Bb5 Re7 26. a4 Kg7 27. Rd8 Rxd8 28. Rxd8 g5 29. a5 Rb7 30. a6 Ra7 31. Rb8 Nd7 32. Bxd7 Rxd7 33. Rxb6 Rd1+ 34. Kh2 Ra1 35. b4 cxb4 36.
cxb4 Be7 37. Bd4+ Kh7 38. Bxa1 1-0

[Event "*** SCC Grand Prix: Titled Tuesday Blitz"]
[Site "Chess.com"]
[Date "2020.10.13"]
[Round "7"]
[White "Ave_Mariia"]
[Black "NewBornNow"]
[Result "1-0"]
[WhiteElo "2519"]
[BlackElo "2639"]
[TimeControl "180+1"]
[EndTime "11:16:21 PDT"]
[Termination "Ave_Mariia won on time"]

1. d4 Nf6 2. c4 Nc6 3. Nf3 e6 4.
g3 Bb4+ 5. Nbd2 d5 6. Qc2 dxc4 7.
Qxc4 Qd5 8. Qxd5 exd5 9. Bg2 O-O 10. O-O Ne4 11. Rd1 f5 12. Nf1 Bd6 13. Ne5 Nxe5 14. dxe5 Bxe5 15. Rxd5 Re8 16. Bf4 Bxb2 17. Rb1 Bf6 18. Bxc7 Nc3 19. Rbd1 Nxd1 20. Rxd1 Rxe2 21. Ne3 Be6 22. Bxb7 Rf8 23. a3 Ra2 24. Nd5 Rxa3 25. Bd6 Rb3 26. Bxf8 Rxb7 27. Nxf6+ Kxf8 28. Nxh7+ Ke7 29. Ng5 a5 30. Nxe6 Kxe6 31. Kf1 Ra7 32. Ke2 1-0

[Event "*** SCC Grand Prix: Titled Tuesday Blitz"]
[Site "Chess.com"]
[Date "2020.10.13"]
[Round "7"]
[White "Chessbard1972"]
[Black "parintele_chess"]
[Result "0-1"]
[WhiteElo "2336"]
[BlackElo "2149"]
[TimeControl "180+1"]
[EndTime "11:16:21 PDT"]
[Termination "parintele_chess won by checkmate"]

1. d4 Nf6 2. Nf3 d5 3. c4 e6 4. Nc3 Bb4 5. Be3 Ne4 6. Qc2 c5 7. a3 Qa5 8. Rc1 Bxc3+ 9. bxc3 Qxa3 10. dxc5 O-O 11. cxd5 exd5 12. Bd4 Bf5 13. Nh4 Bg6 14. Nxg6 fxg6 15. f3 Nxc5 16. e3 Nb3 17. Rb1 Nxd4 18.
exd4 Re8+ 19. Kf2 Nc6 20. Rxb7 Nxd4 21. Qd2 Nf5 22. Qxd5+ Kh8 23. Bd3 Rad8 24. Qf7 Qc5+ 25. Kf1 Qe3 26. g4 Qxd3+ 27. Kg2 Re2+ 28. Kh3 Qxf3# 0-1

[Event "*** SCC Grand Prix: Titled Tuesday Blitz"]
[Site "Chess.com"]
[Date "2020.10.13"]
[Round "7"]
[White "peixe64"]
[Black "Mikedannnn"]
[Result "0-1"]
[WhiteElo "2363"]
[BlackElo "2503"]
[TimeControl "180+1"]
[EndTime "11:16:22 PDT"]
[Termination "Mikedannnn won on time"]

1. e4 c5 2. Nf3 e6 3. d4 cxd4 4.
Nxd4 Nc6 5. Nc3 Qc7 6. Be3 a6 7.
f3 Nf6 8. Qd2 b5 9. g4 h6 10. h4 b4 11. Nce2 Ne5 12. b3 d5 13.
Bg2 dxe4 14. g5 exf3 15. Nxf3 Bb7 16. O-O Rd8 17. Ned4 Nfg4 18. Bf4 Bc5 19. Kh1 Bxf3 20. Bxf3 Bxd4 21. Rad1 hxg5 22. Bxg5 Nxf3 23. Rxf3 Bf6 0-1

[Event "*** SCC Grand Prix: Titled Tuesday Blitz"]
[Site "Chess.com"]
[Date "2020.10.13"]
[Round "7"]
[White "Oglob71"]
[Black "Flopezin"]
[Result "0-1"]
[WhiteElo "2477"]
[BlackElo "2376"]
[TimeControl "180+1"]
[EndTime "11:16:23 PDT"]
[Termination "Flopezin won by checkmate"]

1. d4 Nf6 2. Nf3 e6 3. e3 c5 4. Bd3 b6 5. O-O Bb7 6. Nbd2 Be7 7. c3 cxd4 8. exd4 O-O 9. Qe2 d6 10. Re1 Nbd7 11. Nf1 Re8 12. Ng3 Bf8 13. Bg5 g6 14.
Ne4 Bxe4 15. Bxe4 d5 16. Bd3 h6 17. Bh4 Be7 18. Bg3 Nh5 19. Bxg6 fxg6 20. Qxe6+ Kh7 21. Qf7+ Ng7 22. Qxd5 Nf6 23. Qb3 Qd5 24. Qc2 Qf5 25. Qa4 Ngh5 26. Re5 Qd7 27. Qc2 Nxg3 28. hxg3 Bd6 29.
Rxe8 Rxe8 30. Nh4 Qf7 31. b3 Ne4 32. Re1 Nxg3 33. Rxe8 Qxe8 34. Qxg6+ Qxg6 35. Nxg6 Kxg6 36. fxg3 Bxg3 37. Kf1 Kf5 38. Ke2 Ke4 39. a4 a5 40. Kd2 Bf4+ 41. Kc2 Bd6 42. Kd2 Ba3 43. Kc2 h5 44. Kd2 h4 45. Kc2 Ke3 46. c4 Bb4 47.
d5 Kf2 48. Kd3 Kxg2 49. Ke4 h3 50. Ke5 h2 51. d6 h1=Q 52. d7 Qh5+ 53. Ke6 Qg6+ 54.
Kd5 Qd6+ 55. Ke4 Qxd7 56. c5 Bxc5 57. Ke5 Qd6+ 58. Ke4 Qd4+ 59. Kf5 Qb4 60. Ke6 Qxb3+ 61. Kd7 Qxa4+ 62. Ke6 Qc6+ 63. Kf5 Qd5+ 64. Kf4 Bd6+ 65. Kg4 Qe4+ 66. Kh5 Qf5+ 67. Kh6 Bf8# 0-1

[Event "*** SCC Grand Prix: Titled Tuesday Blitz"]
[Site "Chess.com"]
[Date "2020.10.13"]
[Round "7"]
[White "Shivagami"]
[Black "Nemsko"]
[Result "0-1"]
[WhiteElo "2237"]
[BlackElo "2364"]
[TimeControl "180+1"]
[EndTime "11:16:23 PDT"]
[Termination "Nemsko won by resignation"]

1. e4 e5 2. Nc3 Nc6 3. f4 d6 4. Nf3 Nf6 5. Bc4 Bg4 6. O-O Qd7 7.
h3 Bxf3 8. Rxf3 O-O-O 9. d3 Nd4 10. Rf1 Kb8 11. Be3 c5 12. fxe5 dxe5 13. Nd5 Nxd5 14. Bxd5 f6 15. c3 Ne6 16. b4 Nc7 17. c4 Nxd5 18.
exd5 cxb4 19. Rb1 Qc7 20. Qa4 Bc5 21. Bf2 Rd6 22. Bxc5 Qxc5+ 23. Kh2 Rb6 24. Qd7 Qc7 25.
Qg4 e4+ 26. Kh1 exd3 27. Qd4 Rc8 28. Rfc1 Qg3 29. Rb3 d2 30. Rd1 Qe1+ 0-1

[Event "*** SCC Grand Prix: Titled Tuesday Blitz"]
[Site "Chess.com"]
[Date "2020.10.13"]
[Round "7"]
[White "dosto07"]
[Black "janumber1"]
[Result "1-0"]
[WhiteElo "2334"]
[BlackElo "2178"]
[TimeControl "180+1"]
[EndTime "11:16:23 PDT"]
[Termination "dosto07 won on time"]

1. e4 c5 2. Nf3 e6 3. c3 d5 4.
exd5 exd5 5. d4 Nc6 6. Bb5 Nf6 7. O-O Be6 8. Ne5 Qc7 9. Qa4 Rc8 10. Qxa7 cxd4 11.
cxd4 Bd6 12. Nxc6 bxc6 13. Qxc7 Rxc7 14. Bd3 O-O 15. Nc3 Rb8 16. b3 Ra7 17. Bg5 h6 18. Bxf6 gxf6 19. g3 c5 20. Nb5 Rxb5 21. Bxb5 cxd4 22.
Rfc1 Ba3 23. Rd1 Bf5 24. Bd3 Be4 25. Rab1 Bf3 26. Re1 Kg7 27. b4 Ra4 28. b5 Ra8 29. b6 Rb8 30. b7 Bd6 31. Ba6 Be4 32. Rbc1 Bf5 33. Red1 Ba3 34. Rc8 1-0

[Event "*** SCC Grand Prix: Titled Tuesday Blitz"]
[Site "Chess.com"]
[Date "2020.10.13"]
[Round "7"]
[White "Stouuf"]
[Black "DenLaz"]
[Result "1-0"]
[WhiteElo "2611"]
[BlackElo "2794"]
[TimeControl "180+1"]
[EndTime "11:16:24 PDT"]
[Termination "Stouuf won by checkmate"]

1. e4 e5 2. Nf3 Nc6 3. d4 exd4 4. Nxd4 Bc5 5. Nxc6 Qf6 6. Qf3 dxc6 7. Bc4 Bd7 8. O-O O-O-O 9. Qg3 Bd6 10. Qe3 Kb8 11. Nd2 Nh6 12. h3 Bf4 13. Qf3 g5 14. Nb3 Qe5 15.
Bxf4 gxf4 16. Rad1 f6 17. c3 b5 18. Be2 Nf7 19. Qh5 Qxh5 20. Bxh5 Ne5 21. Nc5 Bc8 22.
Rxd8 Rxd8 23. Rd1 Rd6 24. b4 f3 25. Rd4 fxg2 26. f4 Nc4 27. Kxg2 a5 28. bxa5 Nxa5 29. e5 fxe5 30. fxe5 Rh6 31. Bg4 Bxg4 32. hxg4 Nb7 33. e6 Nd6 34. Rxd6 cxd6 35. e7 dxc5 36. e8=Q+ Kb7 37. Qe7+ Kb6 38. Qd8+ Kb7 39. Qd7+ Kb6 40. Qc8 Rg6 41. Kf3 c4 42. Qb8+ Ka6 43. Qc7 h6 44.
Kf4 Rg5 45. Qxc6+ Ka5 46. Qxh6 Rd5 47. Qc6 Rd3 48. Qa8+ Kb6 49. Qb8+ Ka5 50. Qa7# 1-0

[Event "*** SCC Grand Prix: Titled Tuesday Blitz"]
[Site "Chess.com"]
[Date "2020.10.13"]
[Round "7"]
[White "Sueetin"]
[Black "markberk"]
[Result "1-0"]
[WhiteElo "2280"]
[BlackElo "2391"]
[TimeControl "180+1"]
[EndTime "11:16:24 PDT"]
[Termination "Sueetin won by checkmate"]

1. d4 f5 2. Nc3 Nf6 3. Bg5 d5 4. Bxf6 exf6 5. e3 c6 6. Bd3 Bd6 7. Nge2 Na6 8. a3 O-O 9. Ng3 g6 10. Nce2 Nc7 11. h4 h5 12. Nf4 Bxf4 13. exf4 Ne6 14.
Qd2 Nxd4 15. O-O-O Kg7 16. Rde1 Bd7 17. Kb1 Qc7 18. c3 Ne6 19. Bxf5 gxf5 20. Nxf5+ Kg6 21. Ne7+ Kf7 22. f5 Kxe7 23. Qh6 Rf7 24. Rxe6+ Bxe6 25. Re1 Kd6 26. fxe6 Re7 27. Qf4+ Kc5 28. Qb4# 1-0

[Event "*** SCC Grand Prix: Titled Tuesday Blitz"]
[Site "Chess.com"]
[Date "2020.10.13"]
[Round "7"]
[White "TimofeevAr"]
[Black "rasmussvane"]
[Result "0-1"]
[WhiteElo "2816"]
[BlackElo "2912"]
[TimeControl "180+1"]
[EndTime "11:16:25 PDT"]
[Termination "rasmussvane won by resignation"]

1. Nf3 d5 2. d3 Nf6 3. Bg5 c5 4. Nbd2 e6 5. e4 Be7 6. e5 Nfd7 7. Bxe7 Qxe7 8. Qe2 Nc6 9. O-O-O b5 10. Kb1 a5 11.
h4 Ba6 12. h5 h6 13. Rh3 b4 14. Rg3 Rg8 15. Qe3 a4 16. Qf4 Kd8 17. Kc1 Kc7 18.
Nb1 Kb7 19. c3 a3 20. b3 bxc3 21. Nxc3 Nb4 22. Kb1 Nb6 23. Ne1 Rac8 24. Nc2 Nxc2 25. Kxc2 Ka7 26. Qc1 c4 27. bxc4 dxc4 28. d4 Qb4 29. Qb1 Qa5 30. Rf3 Rc7 31. Ne4 Nd5 32.
Nc5 Nb4+ 33. Kc1 Rb8 34. Qa1 Nd3+ 35. Bxd3 cxd3 36. Rd2 Rb2 0-1

[Event "*** SCC Grand Prix: Titled Tuesday Blitz"]
[Site "Chess.com"]
[Date "2020.10.13"]
[Round "7"]
[White "deribas12345"]
[Black "Akmal_Fayzullaev"]
[Result "1-0"]
[WhiteElo "2675"]
[BlackElo "2408"]
[TimeControl "180+1"]
[EndTime "11:16:25 PDT"]
[Termination "deribas12345 won on time"]

1. d4 Nf6 2. c4 g6 3. Nc3 Bg7 4. e4 d6 5. Nge2 O-O 6. Ng3 e5 7. d5 c6 8. Be2 cxd5 9. cxd5 a6 10. a4 h5 11. Bg5 Qb6 12. O-O Nbd7 13. a5 Qxb2 14. Na4 Qb4 15. Bd2 Qd4 16. Qc2 h4 17. Be3 Qb4 18. Rfb1 Qxa5 19. Nb6 Qxa1 20. Rxa1 Nxb6 21.
Bxb6 hxg3 22. hxg3 Bd7 23. Qc7 Bb5 24. Bxb5 axb5 25.
Rxa8 Rxa8 26. f3 Bf8 27. Qxb7 Ra2 28. Bd8 Nh5 29. Qxb5 Nxg3 30. Kh2 Nh5 31. Bg5 Nf4 32. Bxf4 exf4 33. Qe8 Ra7 34. Kh3 Kg7 35. Qd8 Be7 36. Qb6 Ra2 37. Qd4+ Bf6 38. Qc4 Be5 39. Qxa2 1-0

[Event "*** SCC Grand Prix: Titled Tuesday Blitz"]
[Site "Chess.com"]
[Date "2020.10.13"]
[Round "7"]
[White "nochewycandy"]
[Black "JuliaEfremova"]
[Result "1-0"]
[WhiteElo "2540"]
[BlackElo "2330"]
[TimeControl "180+1"]
[EndTime "11:16:26 PDT"]
[Termination "nochewycandy won by resignation"]

1. e4 d5 2. exd5 Qxd5 3. Nf3 Nf6 4. d4 Bg4 5. Be2 e6 6. c4 Qd8 7. O-O Be7 8. h3 Bh5 9. Nc3 c6 10. Be3 O-O 11. Qb3 Qc7 12. Rad1 Nbd7 13. d5 cxd5 14. cxd5 exd5 15. Nxd5 Nxd5 16. Qxd5 Nf6 17. Qb3 b6 18. Rfe1 Rfd8 19. Ng5 Rxd1 20. Bxd1 Bg6 21. Bf3 Rf8 22. Bd2 h6 23. Ne4 Nxe4 24. Bxe4 Bxe4 25. Rxe4 Bc5 26. Rg4 Qd6 27. Bc3 g6 28. Qc2 Rd8 29. Qe4 Qd1+ 30. Kh2 Bd6+ 31. g3 Kh7 32. Rh4 Qc1 33. Qb7 Kg8 34.
Rg4 Qc2 35. Qf3 Bf8 36. Qf6 Qxc3 37. bxc3 Bg7 38. Qxd8+ 1-0

[Event "*** SCC Grand Prix: Titled Tuesday Blitz"]
[Site "Chess.com"]
[Date "2020.10.13"]
[Round "7"]
[White "nitpicker"]
[Black "Siemba"]
[Result "0-1"]
[WhiteElo "2285"]
[BlackElo "2421"]
[TimeControl "180+1"]
[EndTime "11:16:27 PDT"]
[Termination "Siemba won by resignation"]

1. d4 g5 2. Bxg5 Bg7 3. Nf3 c5 4. c3 Qb6 5. Bc1 cxd4 6. cxd4 Nc6 7. e3 d6 8. Nc3 e5 9. d5 Nce7 10. Bb5+ Kf8 11. e4 a6 12. Bd3 Bh6 13. Bxh6+ Nxh6 14. Qd2 Nhg8 15. O-O Ng6 16. g3 Bh3 17. Na4 Qd8 18.
Rfc1 b5 19. Nc3 h5 20. Ng5 h4 21. f4 hxg3 22. hxg3 exf4 23. gxf4 Nf6 24. Qe3 Ng4 25.
Qd4 Rh5 26. e5 Nxf4 27. Qxf4 Qb6+ 28. Kh1 Bf1+ 0-1

[Event "*** SCC Grand Prix: Titled Tuesday Blitz"]
[Site "Chess.com"]
[Date "2020.10.13"]
[Round "7"]
[White "tlomigtlis"]
[Black "bazar-wokzal"]
[Result "1-0"]
[WhiteElo "2641"]
[BlackElo "2506"]
[TimeControl "180+1"]
[EndTime "11:16:28 PDT"]
[Termination "tlomigtlis won on time"]

1. d4 Nf6 2. c4 Nc6 3. Nc3 e5 4. d5 Ne7 5. e4 Ng6 6. g3 Bc5 7. Bg2 d6 8. Nf3 a5 9. O-O O-O 10. a3 c6 11. Rb1 cxd5 12. cxd5 Bd7 13. b4 axb4 14. axb4 Bb6 15. Nd2 Rc8 16. Qb3 Qc7 17.
Bb2 h5 18. h4 Ng4 19. Rbc1 Qb8 20. Nc4 Bd4 21. Ne2 Ba7 22. b5 Bc5 23. Ba3 b6 24. Bxc5 bxc5 25. b6 Nf6 26. b7 Rcd8 27.
Ra1 Ne8 28. Ra8 Qxa8 29. bxa8=Q Rxa8 30. Qb6 Ra2 31. Nc1 Rc2 32. Nxd6 Nxd6 33. Qxd6 Bb5 34. Rd1 c4 35. Qb4 Ba6 36. Bf1 Ra8 37. d6 Nf8 38. Ne2 Bc8 39. Rc1 Raa2 40. Rxc2 Rxc2 41. Nc3 Bg4 42.
Qxc4 Ne6 43. d7 Kh7 44. Qd3 Rc1 45. Ne2 1-0

[Event "*** SCC Grand Prix: Titled Tuesday Blitz"]
[Site "Chess.com"]
[Date "2020.10.13"]
[Round "7"]
[White "queen_iryna"]
[Black "simplerXiao"]
[Result "0-1"]
[WhiteElo "2296"]
[BlackElo "2433"]
[TimeControl "180+1"]
[EndTime "11:16:28 PDT"]
[Termination "simplerXiao won by resignation"]

1. e4 c5 2. Nf3 e6 3. c4 Nc6 4. Nc3 d6 5. d4 cxd4 6. Nxd4 Nf6 7. Be2 Be7 8. O-O O-O 9. Be3 a6 10. Qd2 Qc7 11. Rfc1 Ne5 12. f3 b6 13. a4 Bb7 14.
a5 bxa5 15. Na4 Rac8 16. Nb3 Qb8 17. Nxa5 Ba8 18. Nb6 Rc7 19. b4 Ned7 20. Nxa8 Qxa8 21. b5 Nc5 22. Nc6 Rxc6 23. bxc6 Qxc6 24. Kh1 Nb3 25.
Qa2 Nxc1 26. Bxc1 Ra8 27. Be3 a5 28. Bd1 Nd7 29. Ba4 Qc7 30. Bb5 Nc5 31. Qb2 Bf6 32.
Bd4 Qe7 33. Rd1 a4 34. Bxf6 Qxf6 35. Qa3 Qe5 36. h3 g6 37. Bc6 Rb8 38. Bb5 Ra8 39. Bc6 Ra7 40. Bb5 Kg7 41. Ra1 h5 42. Rd1 h4 43. Ra1 Qd4 44. Qc1 Nb3 45. Qe1 Qxa1 0-1

[Event "*** SCC Grand Prix: Titled Tuesday Blitz"]
[Site "Chess.com"]
[Date "2020.10.13"]
[Round "7"]
[White "ASVZ"]
[Black "FMalexhdez"]
[Result "1-0"]
[WhiteElo "2450"]
[BlackElo "2271"]
[TimeControl "180+1"]
[EndTime "11:16:29 PDT"]
[Termination "ASVZ won by resignation"]

1. e4 c5 2. c3 g6 3. d4 cxd4 4.
cxd4 Bg7 5. Nc3 d6 6. Nf3 Nf6 7. Bd3 O-O 8. O-O Nc6 9. d5 Ne5 10. Nxe5 dxe5 11. h3 Ne8 12. Bg5 h6 13. Be3 Nd6 14.
Qd2 Kh7 15. Rac1 Bd7 16. b4 f5 17. f3 f4 18. Bf2 g5 19. a4 h5 20. Nb5 Nxb5 21.
axb5 b6 22. Rc3 Qe8 23. Rc6 Bxc6 24. bxc6 e6 25. Ba6 exd5 26. exd5 Rf7 27. b5 e4 28. fxe4 Qxe4 29. d6 g4 30. d7 gxh3 31. gxh3 Be5 32. Re1 Rg8+ 33. Kf1 Qg2+ 34. Ke2 f3+ 35. Kd1 Bf4 36.
Qc2+ Qg6 37. Qxg6+ Kxg6 38. Rg1+ Kh7 39. Rxg8 1-0